[Event "Team 45 45 League T28"]
[Site "Internet Chess Club"]
[Date "2005.09.29"]
[Round "3"]
[White "Chessnut"]
[Black "chivo"]
[Result "0-1"]
[WhiteElo "1679"]
[BlackElo "1675"]
[TimeControl "2700+45"]

1. e4 c5 2. Nf3 a6 3. d4 cxd4 4. Nxd4 Nc6 5. Nc3 e5 6. Nf5 d6 7. Ne3 Nf6 8. Ned5
h6 9. Be3 Nxd5 10. Nxd5 Be6 11. Bb6 Qh4 12. Nc7+ Kd7 13. Nxa8 Qxe4+ 14. Be3 Qb4+
15. c3 Qxb2 16. Qc1 Qxc1+ 17. Bxc1 Be7 18. Nb6+ Kc7 19. Nc4 b5 20. Ne3 f5 21.
Be2 f4 22. Nc2 d5 23. Ba3 Bf6 24. Nb4 e4 25. Nxc6 Bxc3+ 26. Kd1 Bxa1 27. Nb4 Kb6
28. Nc2 Bc3 29. Bc1 d4 30. Bh5 Bxa2 31. Bxf4 Bb3 32. Bd2 b4 33. Bxc3 bxc3 34.
Kc1 d3 35. Nd4 d2+ 36. Kb1 Ba4 37. Nc2 Kc5 38. Bg6 Re8 39. Bh5 Rb8+ 40. Ka2 Bxc2
{White resigns} 0-1

[Event "Team 45 45 League T28"]
[Site "Internet Chess Club"]
[Date "2005.10.03"]
[Round "3"]
[White "SeniorCitizen"]
[Black "MrShaw"]
[Result "0-1"]
[WhiteElo "1516"]
[BlackElo "1726"]
[TimeControl "2700+45"]

1. e4 e6 2. d4 d5 3. e5 c5 4. dxc5 Bxc5 5. Qg4 g6 6. Nf3 Qb6 7. Qh4 Ne7 8. Bd3
Nbc6 9. O-O Nb4 10. a3 Nxd3 11. cxd3 Nf5 12. Qa4+ Bd7 13. Qd1 Rc8 14. Nc3 Nd4
15. Na4 Qc6 16. Nxc5 Qxc5 17. b4 Nxf3+ 18. Qxf3 Qc3 19. Bf4 h6 20. Qe2 Ke7 21.
Rfc1 Qb3 22. d4 g5 23. Be3 Rc4 24. Qa2 Rxc1+ {White resigns} 0-1

[Event "Team 45 45 League T28"]
[Site "Internet Chess Club"]
[Date "2005.10.01"]
[Round "3"]
[White "jacknor"]
[Black "AAWegerif"]
[Result "1-0"]
[WhiteElo "1614"]
[BlackElo "1460"]
[TimeControl "2700+45"]

1. Nf3 Nf6 2. c4 c5 3. g3 b6 4. Bg2 Bb7 5. O-O g6 6. b3 Bg7 7. Bb2 O-O 8. d4 e6
9. dxc5 bxc5 10. Nc3 d5 11. cxd5 exd5 12. Na4 Nbd7 13. Rc1 Rc8 14. Ne5 Nxe5 15.
Bxe5 Re8 16. Bxf6 Bxf6 17. Rxc5 Rxc5 18. Nxc5 Bc6 19. Qd2 Bb5 20. Re1 Qb6 21.
Na4 Bxa4 22. bxa4 d4 23. Bd5 Rd8 24. Bb3 Kg7 25. Rc1 Be7 26. Qc2 Qa6 27. Qd3 Qb6
28. Qc4 Qf6 29. Rd1 Ba3 30. Rd3 Re8 31. Rf3 Qe5 32. Rxf7+ Kh6 33. Bd1 a5 34. Qd3
Rc8 35. Qd2+ g5 36. Bc2 d3 37. Qxd3 {Black resigns} 1-0

[Event "Team 45 45 League T28"]
[Site "Internet Chess Club"]
[Date "2005.10.02"]
[Round "3"]
[White "kutch"]
[Black "EyeAm"]
[Result "1/2-1/2"]
[WhiteElo "1453"]
[BlackElo "1359"]
[TimeControl "2700+45"]

1. e4 e5 2. Nf3 Nf6 3. Nxe5 d6 4. Nf3 Nxe4 5. d4 d5 6. Bd3 Be7 7. O-O O-O 8. c4
Nc6 9. Re1 Bf5 10. a3 Bf6 11. Nc3 Nxc3 12. bxc3 Bxd3 13. Qxd3 dxc4 14. Qxc4 Na5
15. Qa2 c6 16. Bf4 Qd5 17. Qxd5 cxd5 18. Ne5 Bxe5 19. Rxe5 Rad8 20. Re7 Rc8 21.
Rc1 Rfe8 22. Rce1 Rxe7 23. Rxe7 Kf8 24. Bd6 Nc4 25. Rd7+ Nxd6 26. Rxd6 Rxc3 27.
g3 Rxa3 28. Rxd5 Ke8 29. Rc5 Kd7 30. Rh5 h6 31. Kg2 a5 32. Rb5 Kc6 33. Rc5+ Kd7
34. Rb5 Kc6 35. Rc5+ Kd7 {Game drawn by mutual agreement} 1/2-1/2

[Event "Team 45 45 League T28"]
[Site "Internet Chess Club"]
[Date "2005.10.02"]
[Round "3"]
[White "Nelsi"]
[Black "Burning-Bush"]
[Result "0-1"]
[WhiteElo "2045"]
[BlackElo "2110"]
[TimeControl "2700+45"]

1. e4 c5 2. Nf3 e6 3. Nc3 a6 4. g3 Nc6 5. Bg2 g6 6. O-O Bg7 7. d3 Nge7 8. Be3 d6
9. Qd2 h5 10. h4 O-O 11. Bh6 d5 12. Bxg7 Kxg7 13. e5 Nf5 14. Bh3 Ncd4 15. Nxd4
Nxd4 16. f4 b5 17. Ne2 Nc6 18. d4 cxd4 19. Nxd4 Qb6 20. c3 Bb7 21. Qe3 Kh7 22.
g4 Qd8 23. Nf3 d4 24. cxd4 hxg4 25. Bxg4 Nb4 26. Rf2 Rc8 27. Rd1 Kg7 28. h5 Qd5
29. hxg6 fxg6 30. a3 Nc2 31. Qd3 Rxf4 32. Rg2 Rxd4 33. Qxd4 Nxd4 34. Rxd4 Qc5
35. Rf2 Rc7 36. b4 Qc3 37. Rd6 Bxf3 38. Rxf3 Qe1+ 39. Kg2 Rc2+ 40. Kh3 Qh1+ 41.
Kg3 Qh2# {White checkmated} 0-1

[Event "Team 45 45 League T28"]
[Site "Internet Chess Club"]
[Date "2005.10.03"]
[Round "3"]
[White "searchforbobby1"]
[Black "syy89"]
[Result "1/2-1/2"]
[WhiteElo "2080"]
[BlackElo "2089"]
[TimeControl "2700+45"]

1. e4 c5 2. c3 Nf6 3. e5 Nd5 4. d4 cxd4 5. cxd4 e6 6. Nf3 d6 7. a3 Bd7 8. Bd3
Bc6 9. O-O Nd7 10. Re1 Qc7 11. b4 a6 12. Nbd2 Nf4 13. Bf1 Ng6 14. Bb2 dxe5 15.
dxe5 Be7 16. Rc1 Nb6 17. Nd4 Qd7 18. Nxc6 bxc6 19. Qc2 O-O 20. Ne4 a5 21. Qxc6
Qxc6 22. Rxc6 Na4 23. Ba1 axb4 24. axb4 Bxb4 25. Rec1 Ne7 26. R6c4 Ba3 27. Rd1
Nb2 28. Bxb2 Bxb2 29. f4 Nd5 30. Rd2 Ba3 31. g3 Rab8 32. Kf2 Rb3 33. Rd3 Rb2+
34. Rd2 Rb3 35. Rd3 Rb2+ 36. Rd2 Rb3 {Game drawn by repetition} 1/2-1/2

[Event "Team 45 45 League T28"]
[Site "Internet Chess Club"]
[Date "2005.09.29"]
[Round "3"]
[White "alexcolins"]
[Black "gule"]
[Result "1-0"]
[WhiteElo "1892"]
[BlackElo "1924"]
[TimeControl "2700+45"]

1. d4 Nf6 2. Nf3 d5 3. e3 c5 4. b3 Nc6 5. Bb2 e6 6. a3 Bd6 7. Bd3 O-O 8. O-O Re8
9. Ne5 Qc7 10. f4 cxd4 11. exd4 Qb6 12. Kh1 Qc7 13. Nd2 Qe7 14. Qf3 a6 15. c4
dxc4 16. Ndxc4 Bxe5 17. fxe5 Nd5 18. Nd6 Rf8 19. Qh5 h6 20. Bc1 f5 21. Qg6 Kh8
22. Bxh6 Nxd4 23. Bg5 Qd7 24. Bc4 Ne7 25. Bxe7 Qxe7 26. Rf4 Nc6 27. Qh5+ Kg8 28.
Rh4 Qxh4 29. Qxh4 Nxe5 30. Nxc8 Nxc4 31. Ne7+ Kf7 32. bxc4 {Black resigns} 1-0

[Event "Team 45 45 League T28"]
[Site "Internet Chess Club"]
[Date "2005.10.03"]
[Round "3"]
[White "chsrules88"]
[Black "azbycx"]
[Result "1-0"]
[WhiteElo "1854"]
[BlackElo "1770"]
[TimeControl "2700+45"]

1. e4 c5 2. Nf3 Nf6 3. Nc3 Nc6 4. d4 d5 5. exd5 Nxd5 6. Nxd5 Qxd5 7. Be3 Bg4 8.
dxc5 Bxf3 9. Qxf3 Qe5 10. Bb5 Rc8 11. O-O-O e6 12. Bd4 Qg5+ 13. Qe3 Qxe3+ 14.
Bxe3 Be7 15. b4 O-O 16. Bxc6 Rxc6 17. Rd7 Bf6 18. Rxb7 Ra6 19. Kb1 Rd8 20. b5
Ra4 21. c3 Bxc3 22. c6 Be5 23. Rd7 Rb8 24. b6 axb6 25. Rhd1 Rb4+ 26. Kc2 h6 27.
f4 Rc4+ 28. Kb3 Rxc6 29. fxe5 Kh7 30. Rxf7 Rbc8 31. Rd3 Rc2 32. Rf2 R2c6 33.
Rfd2 Kg6 34. Bd4 Rc1 35. Rc3 Rb1+ 36. Kc2 Rxc3+ 37. Bxc3 Rb5 38. a4 Rc5 39. Rd6
b5 40. axb5 Rxb5 41. Rxe6+ Kf7 42. Rd6 Ke7 43. Kd3 Rb1 44. Rd4 Rg1 45. Rg4 g5
46. Ke4 Ke6 47. Rg3 Rc1 48. Bd4 Re1+ 49. Be3 Ra1 50. Rh3 Ra4+ 51. Bd4 Ra2 52.
Rxh6+ Ke7 53. g3 g4 54. Rh7+ Ke6 55. Rh4 Re2+ 56. Be3 Ra2 57. Rxg4 Rxh2 58. Rg6+
Kf7 59. Rf6+ Ke7 60. g4 Rg2 61. g5 Rg4+ 62. Kf5 Rg3 63. Bf4 Rg1 64. g6 Rg2 65.
Rf7+ Ke8 66. e6 Rg1 67. g7 Rg2 68. Rf8+ Ke7 69. g8=Q Rxg8 70. Bd6+ {Black
resigns} 1-0

[Event "Team 45 45 League T28"]
[Site "Internet Chess Club"]
[Date "2005.10.01"]
[Round "3"]
[White "Gregorio"]
[Black "miam-miam"]
[Result "1-0"]
[WhiteElo "2268"]
[BlackElo "1978"]
[TimeControl "2700+45"]

1. e4 d6 2. d4 Nf6 3. Nc3 g6 4. Be2 Bg7 5. Be3 O-O 6. Qd2 e5 7. d5 Ne8 8. Bh6 f5
9. Bxg7 Kxg7 10. exf5 gxf5 11. f4 e4 12. O-O-O Nf6 13. Nh3 a6 14. Rhg1 b5 15.
Qd4 Kf7 16. Ng5+ Ke7 17. g4 h6 18. gxf5 hxg5 19. fxg5 Bxf5 20. gxf6+ Kd7 21.
Rdf1 Bh3 22. Qxe4 Kc8 23. Bg4+ Bxg4 24. Qxg4+ Nd7 25. Qe6 Kb7 26. f7 Ne5 27. Ne4
Qh4 28. Nc5+ Kb6 29. Nd7+ Nxd7 30. Qxd7 Rac8 31. Qc6+ Ka7 32. Rg3 b4 33. a3 Qxh2
34. Rgf3 bxa3 35. Rb3 axb2+ 36. Kb1 Rb8 37. Qxc7+ Ka8 38. Rxb8+ Rxb8 39. Qxb8+
{Black resigns} 1-0

[Event "Team 45 45 League T28"]
[Site "Internet Chess Club"]
[Date "2005.10.10"]
[Round "3"]
[White "DavidBarnsley"]
[Black "gracey"]
[Result "1/2-1/2"]
[WhiteElo "2028"]
[BlackElo "2078"]
[TimeControl "2700+45"]

1. d4 c5 2. d5 d6 3. e4 Nf6 4. Nc3 g6 5. f4 Bg7 6. Bb5+ Nfd7 7. a4 Na6 8. Nf3
Nc7 9. Bd3 e6 10. O-O exd5 11. Nxd5 Nxd5 12. exd5 O-O {Game drawn by mutual
agreement} 1/2-1/2

[Event "Team 45 45 League T28"]
[Site "Internet Chess Club"]
[Date "2005.10.01"]
[Round "3"]
[White "A-Ru"]
[Black "matman"]
[Result "1/2-1/2"]
[WhiteElo "1836"]
[BlackElo "1906"]
[TimeControl "2700+45"]

1. d4 d5 2. Nf3 Nf6 3. e3 c6 4. Bd3 Bg4 5. c4 e6 6. Qb3 Qc7 7. Ne5 Bh5 8. Bd2
Nbd7 9. f4 Nxe5 10. fxe5 Nd7 11. Bb4 Bxb4+ 12. Qxb4 Qb6 13. Qb3 Nxe5 14. Qxb6
Nxd3+ 15. Kd2 axb6 16. Kxd3 Bg6+ 17. Kd2 dxc4 18. Kc3 b5 19. Nd2 f6 20. a4 Rxa4
21. Rxa4 bxa4 22. Nxc4 b5 23. Nd6+ Kd7 24. Nb7 Re8 25. Rd1 Kc7 26. Nc5 Re7 27.
Kb4 Kb6 28. g3 Bc2 29. Rd2 Bb3 30. e4 Bc4 31. Nxa4+ bxa4 32. Kxc4 Rd7 33. Rd3 e5
34. dxe5 Rxd3 35. Kxd3 fxe5 36. Kc4 g5 37. g4 Kc7 38. Kb4 Kd6 39. Kc4 Kd7 40.
Kc5 Kc7 41. Kb4 {Game drawn by mutual agreement} 1/2-1/2

[Event "Team 45 45 League T28"]
[Site "Internet Chess Club"]
[Date "2005.10.01"]
[Round "3"]
[White "Div-anand"]
[Black "nightly"]
[Result "1/2-1/2"]
[WhiteElo "1871"]
[BlackElo "1834"]
[TimeControl "2700+45"]

1. e4 c5 2. Nf3 g6 3. d4 cxd4 4. Nxd4 Nc6 5. Nc3 Bg7 6. Be3 Nf6 7. Qd2 Ng4 8.
Nxc6 dxc6 9. Qxd8+ Kxd8 10. Rd1+ Kc7 11. Bf4+ Be5 12. Bxe5+ Nxe5 13. f4 Ng4 14.
Ke2 Be6 15. h3 Bc4+ 16. Kf3 Bxf1 17. Rdxf1 Nf6 18. e5 Nd5 19. Ne4 h6 20. c4 Nb4
21. a3 Nc2 22. Rd1 Rad8 23. g4 Nd4+ 24. Ke3 Nc2+ 25. Kf3 Nd4+ 26. Ke3 {Game
drawn by mutual agreement} 1/2-1/2

[Event "Team 45 45 League T28"]
[Site "Internet Chess Club"]
[Date "2005.10.03"]
[Round "3"]
[White "nightly"]
[Black "Lug"]
[Result "1/2-1/2"]
[WhiteElo "1818"]
[BlackElo "1975"]
[TimeControl "2700+45"]

1. d4 Nf6 2. Bg5 d5 3. Bxf6 gxf6 4. c4 dxc4 5. e3 c5 6. Bxc4 cxd4 7. exd4 Nc6 8.
Ne2 Bg7 9. Nbc3 O-O 10. O-O f5 11. d5 Ne5 12. Bb3 Qd6 13. Re1 Ng4 14. Ng3 Qb6
15. Qd2 Nxf2 16. Na4 {Game drawn by mutual agreement} 1/2-1/2

[Event "Team 45 45 League T28"]
[Site "Internet Chess Club"]
[Date "2005.10.02"]
[Round "3"]
[White "GolferBob"]
[Black "Rlopez"]
[Result "0-1"]
[WhiteElo "1638"]
[BlackElo "1744"]
[TimeControl "2700+45"]

1. d4 Nf6 2. Nf3 b6 3. Bg5 Bb7 4. e3 d6 5. Nbd2 Nbd7 6. Bd3 h6 7. Bh4 e6 8. c3
c5 9. O-O Be7 10. Qe2 O-O 11. Rac1 Rc8 12. a3 Re8 13. Bb5 Rf8 14. Rfe1 Ne4 15.
Bxe7 Qxe7 16. Nxe4 Bxe4 17. Nd2 Bb7 18. Bd3 Nf6 19. b4 Rc7 20. bxc5 dxc5 21. Nf3
Rfc8 22. Ra1 Nd5 23. Qd2 cxd4 24. cxd4 Rc3 25. e4 Nf6 26. a4 Qc7 27. h3 Nh5 28.
Ne5 Qd6 29. Bb5 Nf6 30. f3 Rc2 31. Nc4 R8xc4 {White resigns} 0-1

[Event "Team 45 45 League T28"]
[Site "Internet Chess Club"]
[Date "2005.10.04"]
[Round "3"]
[White "chivo"]
[Black "nir8888"]
[Result "1-0"]
[WhiteElo "1676"]
[BlackElo "1649"]
[TimeControl "2700+45"]

1. e4 a6 2. Nf3 b5 3. a4 Bb7 4. axb5 axb5 5. Rxa8 Bxa8 6. Qe2 e6 7. d4 Be7 8.
Nbd2 Nf6 9. e5 Nd5 10. Qxb5 O-O 11. c3 f5 12. Bc4 f4 13. Bxd5 Bxd5 14. c4 Bxf3
15. Nxf3 d6 16. d5 Qd7 17. Qxd7 Nxd7 18. dxe6 Nxe5 19. Nxe5 dxe5 20. Ke2 Rd8 21.
Rd1 Rxd1 22. Kxd1 c5 23. Ke2 Kf8 24. Kf3 Bd6 25. Ke4 Ke7 26. Kd5 g5 27. Bd2 h6
28. f3 h5 29. h3 Bc7 30. Bc3 Kf6 31. Kc6 Bd8 32. Kd7 Be7 33. Bxe5+ {Black
resigns} 1-0

[Event "Team 45 45 League T28"]
[Site "Internet Chess Club"]
[Date "2005.10.01"]
[Round "3"]
[White "rph"]
[Black "Zornorph"]
[Result "0-1"]
[WhiteElo "1839"]
[BlackElo "1983"]
[TimeControl "2700+45"]

1. d4 Nf6 2. c4 e5 3. dxe5 Ng4 4. Nf3 Bb4+ 5. Nc3 Bxc3+ 6. bxc3 Nc6 7. Bf4 Qe7
8. Qd5 Qa3 9. Qd2 Qc5 10. e3 Qa5 11. Be2 O-O 12. O-O Re8 13. Rab1 a6 14. Nd4
Ngxe5 15. Nb3 Qa3 16. c5 a5 17. Nd4 Na7 18. Nb5 Nxb5 19. Rxb5 c6 20. Rb6 Qxc5
21. Rfb1 d5 22. Bxe5 Rxe5 23. Qb2 Qe7 24. c4 dxc4 25. Bxc4 a4 26. Rd1 h6 27. a3
Qc7 28. Qd4 Re8 29. Rdb1 Rd8 30. Qc5 Qd6 31. Qh5 Qf6 32. g3 Rd2 33. f4 Qe7 34.
e4 Rd4 35. Bf1 Rxe4 36. Bg2 Re1+ 37. Bf1 Rxb1 38. Rxb1 Qe3+ 39. Kh1 Qe4+ {White
resigns} 0-1

[Event "Team 45 45 League T28"]
[Site "Internet Chess Club"]
[Date "2005.10.01"]
[Round "3"]
[White "Knight77"]
[Black "chessateer"]
[Result "1-0"]
[WhiteElo "1876"]
[BlackElo "1802"]
[TimeControl "2700+45"]

1. Nf3 f5 2. g3 e6 3. Bg2 Nf6 4. d3 Be7 5. O-O O-O 6. Nbd2 d6 7. c3 Nc6 8. e4
fxe4 9. Nxe4 Nxe4 10. dxe4 e5 11. h4 Qe8 12. Bg5 Bxg5 13. Nxg5 h6 14. Nh3 Qg6
15. Qd2 Bxh3 16. Bxh3 Qxe4 17. b4 Rad8 18. Bg2 Qg4 19. b5 Ne7 20. Bxb7 d5 21.
Rae1 e4 22. Qd4 Rf3 23. Qe5 Rd6 24. c4 Ng6 25. Bxd5+ Kh7 26. Qxe4 Rf4 27. Qe2
Nxh4 28. Qxg4 Rxg4 29. Kh2 Rxd5 30. cxd5 Nf3+ 31. Kg2 Nxe1+ 32. Rxe1 Rb4 33. Re7
Rxb5 34. Rxc7 a5 35. d6 Rd5 36. d7 Kg6 37. Ra7 Kf6 38. Rxa5 Rxd7 39. Kf3 Rd2 40.
a4 Ra2 41. Ra7 h5 42. a5 g5 43. a6 Ra4 44. Ra8 h4 45. gxh4 gxh4 46. a7 Kf7 47.
Rh8 {Black resigns} 1-0

[Event "Team 45 45 League T28"]
[Site "Internet Chess Club"]
[Date "2005.09.30"]
[Round "3"]
[White "room-matt"]
[Black "tgralex"]
[Result "0-1"]
[WhiteElo "1825"]
[BlackElo "1814"]
[TimeControl "2700+45"]

1. e4 e5 2. Bc4 Bc5 3. Nc3 Nf6 4. d3 h6 5. f4 d6 6. Nf3 Nc6 7. Na4 Bb4+ 8. c3
Ba5 9. b4 Bb6 10. Nxb6 axb6 11. b5 Na5 12. Qa4 Nd7 13. Ba3 exf4 14. O-O O-O 15.
d4 c5 16. Bd3 Re8 17. Rae1 Nf8 18. Bc1 g5 19. h3 Ng6 20. Qc2 c4 21. Be2 Bd7 22.
a4 Qc7 23. Nd2 Nh4 24. Qa2 d5 25. exd5 Re3 26. Rf2 Rae8 27. Nb1 Rg3 28. Qd2 Bxh3
29. Bf1 Rxe1 30. Qxe1 f3 31. Qe8+ Kh7 32. d6 Qxd6 33. Qxf7+ Kh8 34. Ba3 Qe6 35.
Qc7 Rg4 36. Qd8+ Kh7 37. Qc7+ Kg6 38. g3 Bxf1 39. Kxf1 Ng2 40. Rxf3 Ne3+ 41. Kg1
Nf5 42. Kf2 Re4 43. Kg2 Re2+ 44. Rf2 Qe4+ 45. Kg1 Qxb1+ 46. Rf1 Qc2 47. Qxb6+
Nc6 {White resigns} 0-1

[Event "Team 45 45 League T28"]
[Site "Internet Chess Club"]
[Date "2005.10.01"]
[Round "3"]
[White "sebanma"]
[Black "hattrick"]
[Result "1-0"]
[WhiteElo "2194"]
[BlackElo "2169"]
[TimeControl "2700+45"]

1. d4 Nf6 2. c4 c5 3. d5 b5 4. cxb5 a6 5. b6 d6 6. Nc3 Qxb6 7. e4 g6 8. Nf3 Nbd7
9. Be2 Bg7 10. Nd2 O-O 11. Nc4 Qc7 12. Bf4 Rb8 13. O-O Ne8 14. Qd2 Nb6 15. Ne3
f5 16. exf5 Bxf5 17. Bxa6 Qa7 18. Nxf5 Rxf5 19. Bd3 Rf8 20. Bh6 Bxh6 21. Qxh6
Ng7 22. a4 c4 23. Bc2 Qa5 24. Rfd1 Nf5 25. Qg5 Qc5 26. Ne4 Qc7 27. Ra3 Nd7 28.
g4 Ne5 29. gxf5 Rxf5 30. Qg3 Rxb2 31. Nxd6 Rg5 32. Qxg5 Qxd6 33. Re3 Nf7 34.
Qxe7 Rxc2 35. Qxd6 Nxd6 36. Re6 Nf7 37. d6 c3 38. d7 Rd2 39. Re8+ Kg7 40. d8=Q
Nxd8 41. Rxd8 Re2 42. Rc1 {Black disconnected and forfeits} 1-0

[Event "Team 45 45 League T28"]
[Site "Internet Chess Club"]
[Date "2005.10.02"]
[Round "3"]
[White "softbunney"]
[Black "billarvola"]
[Result "1-0"]
[WhiteElo "2041"]
[BlackElo "1976"]
[TimeControl "2700+45"]

1. d4 d5 2. c4 e6 3. Nc3 Be7 4. Nf3 Nf6 5. Bg5 h6 6. Bh4 O-O 7. e3 b6 8. Bd3
dxc4 9. Bxc4 Bb7 10. O-O Nbd7 11. Qe2 Ne4 12. Bxe7 Qxe7 13. Nxe4 Bxe4 14. Nd2
Bb7 15. e4 c5 16. dxc5 Nxc5 17. b4 Nd7 18. a3 e5 19. Rfd1 Rfd8 20. Nf1 Nf6 21.
f3 g6 22. Ne3 Kg7 23. Qf2 Rxd1+ 24. Rxd1 Rd8 25. Rc1 Qd7 26. Qe2 Qe7 27. Qb2 Kh7
28. Bb5 Nh5 29. g3 Ng7 30. Bc6 Bc8 31. Nd5 Qd6 32. Ba4 Bb7 33. Rd1 f6 34. f4
Bxd5 35. Rxd5 Qe7 36. Rxd8 Qxd8 37. fxe5 fxe5 38. Qxe5 Qd3 39. Qd5 Qe3+ 40. Kg2
Qe2+ 41. Kh3 g5 42. Bd1 Qf1+ 43. Kg4 Qf6 44. Be2 Qf2 45. Qd3 Qxh2 46. e5+ Kg8
47. Kf3 Qh1+ 48. Kf2 Qh2+ 49. Ke1 Qg1+ 50. Kd2 Qa1 51. Qd8+ Kf7 52. Bc4+ Kg6 53.
Qd3+ Kh5 54. Qf3+ Kg6 55. Bd3+ Nf5 56. Qxf5+ Kg7 57. Qf6+ {Black resigns} 1-0

[Event "Team 45 45 League T28"]
[Site "Internet Chess Club"]
[Date "2005.10.02"]
[Round "3"]
[White "JudokaUsa"]
[Black "DeLaSalle"]
[Result "1/2-1/2"]
[WhiteElo "1859"]
[BlackElo "1967"]
[TimeControl "2700+45"]

1. e4 d5 2. exd5 Nf6 3. Be2 Nxd5 4. Nf3 Bf5 5. d4 e6 6. c4 Bb4+ 7. Bd2 Bxd2+ 8.
Qxd2 Ne7 9. O-O O-O 10. Nc3 c6 11. Rad1 Nd7 12. Rfe1 Qa5 13. Nd5 Qd8 14. Nxe7+
Qxe7 15. d5 cxd5 16. cxd5 Rfd8 17. Nd4 Qf6 18. Nxf5 Qxf5 19. dxe6 Qxe6 20. Bb5
Nf8 21. Rxe6 Rxd2 22. Rd6 Rxd1+ 23. Rxd1 Rc8 24. Ba4 g6 25. Bb3 Kg7 26. g3 Kf6
27. Kg2 Rc7 28. Rd3 Rd7 29. Rxd7 Nxd7 30. Bd5 b6 31. f4 Ke7 32. Kf3 f6 33. h4 h6
34. g4 g5 35. hxg5 hxg5 36. fxg5 fxg5 37. Be4 Ne5+ 38. Kg3 Kd6 39. Bf5 Kd5 40.
Kf2 Kd4 41. Ke2 Nc4 42. b3 Ne3 43. Kf3 Nd5 44. Be6 Nf4 45. Bc4 a5 46. a4 Nd3 47.
Ke2 Ne5 48. Be6 Nd3 49. Bc4 Nf4+ 50. Kd2 Ng6 51. Bd3 Nf4 52. Bf5 Nd5 53. Be6 Ne3
54. Bd7 Ke4 55. Kc3 Kf4 56. b4 Nxg4 57. bxa5 bxa5 58. Bc8 Ne5 59. Kd4 g4 60.
Bxg4 Nxg4 61. Kc5 {Game drawn by mutual agreement} 1/2-1/2

[Event "Team 45 45 League T28"]
[Site "Internet Chess Club"]
[Date "2005.10.04"]
[Round "3"]
[White "Irvin"]
[Black "kabindra"]
[Result "0-1"]
[WhiteElo "1793"]
[BlackElo "1858"]
[TimeControl "2700+45"]

1. e4 e5 2. Nf3 Nc6 3. Bc4 Bc5 4. c3 Nf6 5. d4 exd4 6. cxd4 Bb4+ 7. Nc3 d5 8.
exd5 Nxd5 9. O-O Bxc3 10. bxc3 O-O 11. Qc2 h6 12. Re1 Be6 13. Ne5 Nxe5 14. Rxe5
c6 15. Rh5 Nf6 16. Rxh6 gxh6 17. Bxe6 fxe6 18. Qg6+ Kh8 19. Qxh6+ Nh7 20. Bg5
Qxg5 21. Qxe6 Qf6 22. Qe2 Rae8 23. Qb2 b6 24. Rf1 Qe6 25. a4 Qe2 26. Qb4 Qd2 27.
Qc4 Re1 28. g3 Qxf2+ {White resigns} 0-1

[Event "Team 45 45 League T28"]
[Site "Internet Chess Club"]
[Date "2005.09.30"]
[Round "3"]
[White "Zillmer"]
[Black "akdog3"]
[Result "1/2-1/2"]
[WhiteElo "2097"]
[BlackElo "2180"]
[TimeControl "2700+45"]

1. e4 e5 2. Nf3 Nc6 3. Bb5 f5 4. Nc3 Nf6 5. exf5 Bc5 6. O-O O-O 7. Bxc6 dxc6 8.
Nxe5 Bxf5 9. d3 Qe8 10. Qe2 Bd4 11. Nf3 Bxc3 12. Qxe8 Raxe8 13. bxc3 Bg4 14. Ba3
Rf7 15. Ng5 Rd7 16. f3 Bf5 17. Rae1 h6 18. Rxe8+ Nxe8 19. Re1 Nd6 20. Bxd6 hxg5
21. Re8+ Kf7 22. Rf8+ Kg6 23. Bb4 b6 24. c4 c5 25. Bc3 Re7 26. Kf2 Bd7 27. Bd2
Ba4 28. c3 Bc2 29. Rd8 Bd1 30. Be3 g4 31. Rd5 gxf3 32. gxf3 Rf7 33. Rg5+ Kf6 34.
Rg1 Ba4 35. Bg5+ Ke6 36. h4 Bc6 37. f4 Rd7 38. Rg3 Ba4 39. Ke3 Bc2 40. Kd2 Ba4
41. Re3+ Kf7 42. Re5 Bc6 43. Ke3 Ba4 44. d4 cxd4+ 45. cxd4 c6 46. Rf5+ Ke8 47.
h5 Bc2 48. Re5+ Kf7 49. f5 Bb1 50. a3 Bc2 51. d5 cxd5 52. cxd5 Bd1 53. h6 gxh6
54. Bxh6 Re7 55. Rxe7+ Kxe7 56. Ke4 b5 57. Ke5 Bh5 58. Be3 a5 59. Bc5+ Kd7 60.
Kf6 b4 61. axb4 axb4 62. Bxb4 Ke8 63. Kg7 Bf7 64. d6 Bd5 65. Kf6 Bc4 66. Kg7 Bd5
67. f6 Be6 68. Bc5 Bd5 69. Bb4 Be6 70. Kg6 Bd5 71. Kf5 Bf7 72. Ke5 Kd7 73. Kd4
Be6 74. Ke5 Bf7 {Game drawn by mutual agreement} 1/2-1/2

[Event "Team 45 45 League T28"]
[Site "Internet Chess Club"]
[Date "2005.10.09"]
[Round "3"]
[White "alastorx"]
[Black "andy4226uk"]
[Result "0-1"]
[WhiteElo "1743"]
[BlackElo "1782"]
[TimeControl "2700+45"]

1. d4 b5 2. e4 a6 3. c4 c6 4. Nf3 g6 5. Be3 Bg7 6. Nbd2 Bb7 7. Qb3 Qc7 8. Rc1
bxc4 9. Bxc4 e6 10. d5 cxd5 11. O-O dxc4 12. Rxc4 Nc6 13. Bb6 Qb8 14. Rfc1 Nge7
15. e5 O-O 16. Ne4 Nf5 17. Nf6+ Bxf6 18. exf6 a5 19. Ng5 h6 20. Qh3 Qe5 21. Ne4
Ba6 22. Bc7 Qxc7 23. g4 Qf4 24. gxf5 exf5 25. Nd6 Bxc4 26. Rxc4 Qg5+ 27. Kf1 h5
{White resigns} 0-1

[Event "Team 45 45 League T28"]
[Site "Internet Chess Club"]
[Date "2005.10.09"]
[Round "3"]
[White "jessewang"]
[Black "chinta"]
[Result "1-0"]
[WhiteElo "1880"]
[BlackElo "1657"]
[TimeControl "2700+45"]

1. e4 c6 2. d4 e6 3. c4 Nf6 4. Bd3 d5 5. Nc3 Bb4 6. e5 dxc4 7. Bxc4 Ne4 8. Ne2
c5 9. O-O Nxc3 10. bxc3 Ba5 11. dxc5 Qc7 12. Be3 b6 13. Qd6 bxc5 14. Bxc5 Bb6
15. Bb5+ {Black resigns} 1-0

[Event "Team 45 45 League T28"]
[Site "Internet Chess Club"]
[Date "2005.10.08"]
[Round "3"]
[White "az2112"]
[Black "WhoKilledJFK"]
[Result "0-1"]
[WhiteElo "1655"]
[BlackElo "1876"]
[TimeControl "2700+45"]

1. d4 Nf6 2. c4 e6 3. Nc3 d5 4. Bg5 Be7 5. e3 O-O 6. Qc2 b6 7. cxd5 exd5 8. Bd3
h6 9. Bh4 Bb7 10. Nf3 Nbd7 11. O-O c5 12. Rfe1 Re8 13. Rac1 Rc8 14. Qb1 a6 15.
h3 c4 16. Bf5 b5 17. a3 Ra8 18. Bg3 Bc6 19. e4 dxe4 20. Nxe4 Nxe4 21. Bxe4 Bxe4
22. Qxe4 Bf6 23. Qd5 Rxe1+ 24. Rxe1 Nf8 25. Qxd8 Rxd8 26. Be5 Bxe5 27. dxe5 Ne6
28. Kf1 Rd3 29. Re2 Kf8 30. Rd2 Nc5 31. Ke2 Ke7 32. Rxd3 Nxd3 33. b3 Nc1+ 34.
Kd2 Nxb3+ 35. Kc3 a5 36. Nd4 Nxd4 37. Kxd4 Ke6 38. g4 g5 39. a4 bxa4 40. Kxc4
Kxe5 {White resigns} 0-1

[Event "Team 45 45 League T28"]
[Site "Internet Chess Club"]
[Date "2005.10.01"]
[Round "3"]
[White "MoluscoGrotesco"]
[Black "pokerram"]
[Result "0-1"]
[WhiteElo "1615"]
[BlackElo "1621"]
[TimeControl "2700+45"]

1. e4 c5 2. Nf3 d6 3. Bb5+ Bd7 4. a4 a6 5. Bxd7+ Qxd7 6. O-O Nc6 7. Nc3 e6 8. d3
Be7 9. Be3 Nf6 10. Qd2 Ng4 11. Bg5 f6 12. Bf4 Nge5 13. Bxe5 Nxe5 14. Nxe5 fxe5
15. a5 O-O 16. Na4 Bd8 17. b4 Qb5 18. Nc3 Qc6 19. bxc5 Qxc5 20. Ne2 b6 21. Nc3
b5 22. Ne2 b4 23. d4 Qb5 24. dxe5 dxe5 25. c3 Bxa5 26. c4 Qc5 27. Nc1 Bb6 28.
Nd3 Qxc4 29. Nxe5 Qd4 30. Nf3 Qxd2 31. Nxd2 a5 32. Nc4 Bc7 33. Rfd1 Rfd8 34. g3
Rxd1+ 35. Rxd1 Rd8 36. Ra1 Rd4 37. Nxa5 Bxa5 38. Rxa5 Rxe4 39. Ra4 Re1+ 40. Kg2
b3 41. Rb4 Rb1 42. Kf3 b2 43. h4 Kf7 44. g4 Kf6 45. Ke2 h6 46. f3 Rh1 47. g5+
hxg5 48. hxg5+ Kg6 {White resigns} 0-1

[Event "Team 45 45 League T28"]
[Site "Internet Chess Club"]
[Date "2005.10.01"]
[Round "3"]
[White "AVEMARIA"]
[Black "Tomate"]
[Result "1-0"]
[WhiteElo "1553"]
[BlackElo "1392"]
[TimeControl "2700+45"]

1. e4 e5 2. Nf3 Nc6 3. Bb5 a6 4. Ba4 Nf6 5. O-O b5 6. Bb3 Be7 7. Re1 O-O 8. c3
d5 9. exd5 Nxd5 10. d4 exd4 11. cxd4 Bf6 12. Nc3 Nxc3 13. bxc3 Bb7 14. Ba3 Re8
15. Qd3 Ne7 16. Rad1 Nd5 17. Ne5 Bxe5 18. dxe5 Nf4 19. Qf5 Nd5 20. e6 fxe6 21.
Rxe6 Bc8 22. Rxe8+ Qxe8 23. Qxd5+ Be6 24. Qxe6+ Qxe6 25. Bxe6+ Kh8 26. Be7 Re8
27. Rd8 {Black resigns} 1-0

[Event "Team 45 45 League T28"]
[Site "Internet Chess Club"]
[Date "2005.10.01"]
[Round "3"]
[White "nona"]
[Black "GadsHill"]
[Result "1-0"]
[WhiteElo "1540"]
[BlackElo "1581"]
[TimeControl "2700+45"]

1. e4 d6 2. d4 Nf6 3. Nc3 Nbd7 4. Nf3 e5 5. dxe5 dxe5 6. Bc4 Bb4 7. Bd2 O-O 8.
Qe2 c6 9. a3 Bxc3 10. Bxc3 b5 11. Bb3 Qc7 12. O-O Bb7 13. Rad1 a6 14. Rd3 c5 15.
Re3 c4 16. Ba2 Ng4 17. Bb4 Rfe8 18. Rc3 a5 19. Bxa5 Qxa5 20. Ng5 Ngf6 21. Rg3 h6
22. Nh3 Nxe4 23. Rg4 Nef6 24. Rg3 Qc7 25. Qe3 Kh7 26. Bb1 Nf8 27. c3+ Ng6 28.
Ng5+ hxg5 29. Qxg5 Be4 30. h4 Bxb1 31. Rxb1 Kg8 32. Re1 Nh7 33. Qg4 Re6 34. h5
Qd6 35. hxg6 Rxg6 36. Qe4 Rxg3 37. Qxa8+ Qf8 38. Qxf8+ Kxf8 39. fxg3 f6 40. Kf2
Ng5 {Black resigns} 1-0